AoeStats
← Brezel

Lombardia

510145740Analyzed
3v3 RM · 1d ago on Sep 29, 2026· 35m 11s· 6 players
Game mode
Random Map
Map size
Normal (6 player)
Population
200
Speed
Normal
Resources
Standard
Victory
Conquest
Starting age
Dark Age
Ending age
Imperial Age
RankedLock teamsTeams togetherTeam positionsShared explorationLock speedFull tech treeHidden civsTurbo modeCheats
Victory
Defeat
🇧🇷 Magyars · Brazil
1470
+14
🇪🇸 Maya · Spain
1433
+15
🇧🇷 Wei · Brazil
1428
+16
🇩🇪 Varangians · Germany
1503
-18
🇩🇪 Magyars · Germany
1476
-17
🇩🇪 Sicilians · Germany
1290
-10
benevolentllama
0:28 Loom
9:20 Feudal Age
13:28 Horse Collar
13:38 Double-Bit Axe
13:50 Fletching
17:09 Wheelbarrow
21:24 Castle Age
19:54 Gold Mining
20:39 Padded Archer Armor
22:02 Bodkin Arrow
21:28 Crossbowman
22:19 Thumb Ring
22:54 Bow Saw
25:53 Leather Archer Armor
26:41 Ballistics
28:06 Town Watch
29:35 Hand Cart
29:32 Stone Mining
34:54 Imperial Age
35:13 Caravan
35:37 Bracer
36:43 Chemistry
[ GG ] SHAKA
1:52 Loom
2:27 Loom
2:57 Loom
10:32 Feudal Age
11:17 Double-Bit Axe
14:48 Horse Collar
23:53 Castle Age
21:47 Gold Mining
22:51 Bloodlines
24:55 Bow Saw
24:31 Light Cavalry
25:14 Husbandry
27:23 Heavy Plow
30:22 Stone Mining
32:55 Stone Shaft Mining
32:58 Gold Shaft Mining
32:50 Scale Barding Armor
32:58 Forging
35:27 Iron Casting
35:13 Chain Barding Armor
Karzul
6:52 Loom
8:57 Feudal Age
20:51 Wheelbarrow
20:06 Double-Bit Axe
21:59 Bloodlines
24:21 Castle Age
23:12 Scale Barding Armor
24:22 Light Cavalry
26:56 Chain Barding Armor
27:32 Gold Mining
27:52 Bow Saw
28:30 Padded Archer Armor
32:40 Husbandry
chrizbee
6:33 Loom
9:31 Feudal Age
10:20 Double-Bit Axe
10:16 Horse Collar
12:43 Bloodlines
23:33 Castle Age
25:26 Scale Barding Armor
25:33 Forging
28:35 Light Cavalry
31:24 Wheelbarrow
31:14 Bow Saw
31:01 Stone Mining
31:02 Gold Mining
32:56 Iron Casting
33:39 Hand Cart
35:20 Stone Shaft Mining
34:49 Heavy Plow
35:28 Chain Barding Armor
Brezel
6:40 Loom
9:55 Feudal Age
10:37 Double-Bit Axe
22:54 Castle Age
22:39 Scale Mail Armor
22:50 Forging
25:49 Chain Mail Armor
30:12 Iron Casting
33:01 Wheelbarrow
canttouchme
6:05 Loom
8:49 Feudal Age
9:29 Double-Bit Axe
20:12 Castle Age
19:17 Fletching
19:32 Stone Mining
19:53 Gold Mining
20:18 Horse Collar
20:47 Padded Archer Armor
21:01 Bloodlines
21:59 Bow Saw
22:19 Bodkin Arrow
24:30 Husbandry
27:46 Heated Shot
28:16 Ballistics
28:25 Padded Archer Armor
29:58 Town Watch
32:00 Wheelbarrow
33:22 Leather Archer Armor
Connection lost

Rejoining the realm…

Still unreachable

The connection could not be restored.

Session expired

The server has moved on; the page needs a fresh start.